General information
			
			
        
        - name: BNet
 
        - type: Ladder 1vs1/FFA
 
        - host: Battle.net
 
        - saver: tacoworld
 
        
map: GnollWood 
        - players: 2
 
        - length: 60:40
 
        - speed: Fast
 - version: 1.22 W3XP
 - replay type:  Public
 
» download(167 KB)
Players
        team 1 (winner) 
              
              
tacoworld (
orange | 68 APM | 4104 actions | 60:40)
              
 6 Mountain King 
 3 Storm Bolt
 2 Bash
 1 Avatar
 6 Paladin 
 3 Holy Light
 3 Divine Shield
 4 Blood Mage 
 2 Flame Strike
 2 Banish
 
                » actions 
                
                | Assign group hotkey | 32 |  | 
| Basic commands | 228 |  | 
| Build / train | 157 |  | 
| ESC pressed | 1 |  | 
| Enter build submenu | 83 |  | 
| Enter hero's abilities submenu | 17 |  | 
| Right click | 1512 |  | 
| Select / deselect | 793 |  | 
| Select group hotkey | 1024 |  | 
| Use ability | 257 |  | 
                4104 total
 » units 
                
                | Peasant | 30 |  | 
| Footman | 6 |  | 
| Rifleman | 5 |  | 
| Spell Breaker | 2 |  | 
| Dragonhawk Rider | 3 |  | 
| Priest | 1 |  | 
| Gryphon Rider | 3 |  | 
                50 total
 » upgrades
                
                | Lumber Harvesting | 2 |  | 
| Masonry | 3 |  | 
| Gunpowder | 3 |  | 
| Magic Sentry | 2 |  | 
| Plating | 3 |  | 
| Long Rifles | 1 |  | 
| Storm Hammers | 1 |  | 
| Swords | 2 |  | 
| Armor | 3 |  | 
                20 total
 » buildings
                
                | Altar of Kings | 2 |  | 
| Barracks | 1 |  | 
| Farm | 24 |  | 
| Scout Tower | 86 |  | 
| Lumber Mill | 5 |  | 
| Keep | 2 |  | 
| Guard Tower | 33 |  | 
| Arcane Vault | 2 |  | 
| Blacksmith | 2 |  | 
| Arcane Sanctum | 3 |  | 
| Town Hall | 3 |  | 
| Gryphon Aviary | 4 |  | 
| Castle | 3 |  | 
| Arcane Tower | 8 |  | 
                178 total
 » build order
                00:08 Altar of Kings
00:15 Barracks
00:39 Farm
01:20 Farm
01:39 Scout Tower
02:24 Lumber Mill
03:38 Keep
03:41 Farm
03:41 Guard Tower
04:52 Scout Tower
04:56 Arcane Vault
05:02 Scout Tower
05:04 Farm
05:08 Scout Tower
05:17 Scout Tower
05:20 Guard Tower
05:46 Guard Tower
05:52 Farm
07:29 Scout Tower
07:40 Blacksmith
07:49 Scout Tower
08:04 Guard Tower
08:33 Guard Tower
09:15 Arcane Sanctum
09:21 Arcane Sanctum
10:22 Guard Tower
12:02 Scout Tower
12:03 Scout Tower
12:04 Scout Tower
12:05 Scout Tower
12:09 Scout Tower
12:10 Scout Tower
12:11 Scout Tower
12:11 Scout Tower
12:22 Farm
12:47 Lumber Mill
13:05 Guard Tower
13:40 Guard Tower
13:50 Guard Tower
13:52 Guard Tower
13:52 Guard Tower
15:40 Scout Tower
15:41 Scout Tower
15:42 Scout Tower
15:43 Scout Tower
15:46 Town Hall
15:55 Gryphon Aviary
16:17 Guard Tower
16:37 Gryphon Aviary
16:44 Guard Tower
16:48 Farm
17:14 Farm
17:49 Farm
19:41 Guard Tower
19:47 Castle
20:01 Scout Tower
20:04 Scout Tower
20:05 Scout Tower
20:38 Arcane Tower
21:58 Arcane Tower
22:08 Lumber Mill
25:11 Farm
25:12 Farm
25:12 Farm
28:10 Scout Tower
28:11 Scout Tower
28:12 Scout Tower
28:14 Scout Tower
28:14 Scout Tower
28:15 Scout Tower
28:49 Scout Tower
29:13 Arcane Tower
29:18 Arcane Tower
29:24 Arcane Tower
29:28 Town Hall
29:49 Arcane Tower
30:55 Scout Tower
30:55 Scout Tower
32:11 Arcane Tower
34:43 Scout Tower
34:43 Scout Tower
34:44 Scout Tower
34:45 Scout Tower
35:05 Scout Tower
35:05 Scout Tower
35:28 Guard Tower
35:31 Scout Tower
35:32 Scout Tower
35:32 Scout Tower
35:33 Scout Tower
35:34 Scout Tower
35:35 Scout Tower
35:54 Guard Tower
35:56 Guard Tower
35:56 Guard Tower
36:02 Guard Tower
36:35 Guard Tower
36:51 Town Hall
38:10 Scout Tower
38:13 Scout Tower
38:13 Scout Tower
38:14 Scout Tower
38:15 Scout Tower
38:41 Keep
40:45 Scout Tower
40:45 Scout Tower
40:46 Scout Tower
41:01 Scout Tower
41:01 Scout Tower
41:03 Scout Tower
41:25 Guard Tower
41:26 Scout Tower
41:27 Scout Tower
41:29 Scout Tower
41:30 Scout Tower
41:31 Scout Tower
41:31 Scout Tower
41:32 Scout Tower
41:33 Scout Tower
41:33 Scout Tower
41:46 Guard Tower
41:54 Farm
41:55 Farm
42:04 Guard Tower
42:14 Guard Tower
42:23 Scout Tower
42:24 Scout Tower
42:42 Scout Tower
42:48 Scout Tower
42:53 Guard Tower
42:55 Guard Tower
43:01 Scout Tower
43:01 Scout Tower
43:02 Scout Tower
43:03 Guard Tower
43:38 Guard Tower
45:21 Altar of Kings
45:32 Farm
45:36 Farm
45:38 Farm
45:54 Guard Tower
45:59 Blacksmith
47:47 Lumber Mill
47:57 Lumber Mill
48:34 Arcane Vault
48:38 Arcane Sanctum
50:04 Farm
50:05 Farm
50:05 Farm
50:10 Gryphon Aviary
51:09 Gryphon Aviary
53:00 Farm
53:03 Farm
53:48 Castle
53:49 Castle
53:51 Farm
53:52 Farm
54:33 Scout Tower
54:35 Scout Tower
54:36 Scout Tower
54:37 Scout Tower
55:09 Guard Tower
55:25 Scout Tower
55:26 Scout Tower
55:27 Scout Tower
55:29 Scout Tower
55:30 Scout Tower
55:30 Scout Tower
55:31 Scout Tower
55:32 Scout Tower
55:33 Scout Tower
55:34 Scout Tower
55:51 Scout Tower
55:51 Scout Tower
55:59 Guard Tower
56:25 Guard Tower
57:22 Arcane Tower
» items
                
                | Scroll of Regeneration | 3 |  | 
| Lesser Clarity Potion | 2 |  | 
| Mechanical Critter | 1 |  | 
| Ivory Tower | 3 |  | 
| Scroll of Town Portal | 6 |  | 
| Orb of Fire | 1 |  | 
| Staff of Sanctuary | 1 |  | 
| Staff of Teleportation | 2 |  | 
| Boots of Speed | 2 |  | 
                21 total
  
               team 2 (loser) 
              
              
SIUE_Tom (
purple | 33 APM | 2006 actions | 60:39)
              
 7 Keeper of the Grove 
 2 Entangling Roots
 2 Force of Nature
 2 Thorns Aura
 1 Tranquility
 
                » actions 
                
                | Build / train | 207 |  | 
| Enter build submenu | 45 |  | 
| Enter hero's abilities submenu | 7 |  | 
| Give item / drop item | 1 |  | 
| Remove unit from queue | 12 |  | 
| Right click | 722 |  | 
| Select / deselect | 878 |  | 
| Use ability | 134 |  | 
                2006 total
 » units 
                
                | Wisp | 51 |  | 
| Archer | 12 |  | 
| Huntress | 11 |  | 
| Hippogryph | 3 |  | 
| Forest Troll Shadow Priest | 1 |  | 
| Druid of the Talon | 21 |  | 
| Chimaera | 17 |  | 
| Druid of the Claw | 15 |  | 
| Dryad | 22 |  | 
                153 total
 » upgrades
                
                | Strength of the Moon | 2 |  | 
| Moon Armor | 2 |  | 
| Hippogryph Taming | 1 |  | 
| Druid of the Talon Training | 1 |  | 
| Improved Bows | 1 |  | 
| Sentinel | 1 |  | 
| Strength of the Wild | 3 |  | 
| Reinforced Hides | 2 |  | 
| Marksmanship | 1 |  | 
| Corrosive Breath | 1 |  | 
| Abolish Magic | 1 |  | 
| Druid of the Claw Training | 2 |  | 
| Mark of the Claw | 1 |  | 
                19 total
 » buildings
                
                | Moon Well | 15 |  | 
| Altar of Elders | 1 |  | 
| Ancient of War | 2 |  | 
| Hunter's Hall | 2 |  | 
| Tree of Ages | 4 |  | 
| Tree of Life | 13 |  | 
| Ancient of Wind | 4 |  | 
| Tree of Eternity | 1 |  | 
| Chimaera Roost | 2 |  | 
| Ancient of Lore | 2 |  | 
                46 total
 » build order
                00:07 Moon Well
00:10 Altar of Elders
00:29 Moon Well
00:57 Ancient of War
02:02 Hunter's Hall
02:24 Moon Well
02:35 Ancient of War
02:58 Moon Well
05:01 Moon Well
07:01 Tree of Ages
08:45 Tree of Life
09:28 Ancient of Wind
09:31 Ancient of Wind
11:58 Moon Well
13:13 Moon Well
14:05 Tree of Eternity
15:39 Ancient of Wind
16:49 Chimaera Roost
18:01 Chimaera Roost
20:40 Ancient of Wind
21:00 Tree of Life
23:19 Ancient of Lore
23:22 Ancient of Lore
26:05 Moon Well
26:06 Moon Well
26:08 Moon Well
26:58 Moon Well
27:01 Moon Well
28:39 Moon Well
28:56 Moon Well
31:16 Moon Well
31:55 Hunter's Hall
34:03 Tree of Ages
34:10 Tree of Life
35:11 Tree of Life
35:20 Tree of Life
36:38 Tree of Life
36:48 Tree of Life
37:46 Tree of Ages
38:15 Tree of Ages
45:10 Tree of Life
45:13 Tree of Life
45:16 Tree of Life
45:20 Tree of Life
53:43 Tree of Life
55:24 Tree of Life
» items
                 
                Chat log
          (00:15 / All) SIUE_Tom: gl hf
(00:20 / All) tacoworld: GL HF HL GF
(00:31 / All) SIUE_Tom: ty ty ty
(23:32 / All) tacoworld: the best laid plans
(25:25 / All) tacoworld: should probably build more chims
(25:32 / All) SIUE_Tom: k sounds good
(31:30 / All) SIUE_Tom: hi
(31:34 / All) tacoworld: yo
(31:52 / All) tacoworld: tenacious
(32:02 / All) tacoworld: pretty coal if you ask me
(32:58 / All) tacoworld: hmm intersting army
(33:01 / All) tacoworld: not sure i know what to do about it
(43:20 / All) tacoworld: haha
(43:25 / All) tacoworld: just killed my own griffin
(43:34 / All) SIUE_Tom: lol noob
(44:41 / All) tacoworld: TOWER PROBLEMS?
(44:44 / All) tacoworld: see http://highper.ch
(46:15 / All) tacoworld: probably building more unarmored units is the key
(46:28 / All) SIUE_Tom: k
(56:13 / All) SIUE_Tom: god your a fucking fag
(56:17 / All) tacoworld: mad?
(56:22 / All) SIUE_Tom: yea its gay
(56:30 / All) tacoworld: dont worry it will be over soon
(56:38 / All) tacoworld: i admire your perservernecneane
(57:27 / All) SIUE_Tom: ok well i need to go fuck your self noob
(57:29 / All) tacoworld: what
(57:30 / All) tacoworld: you lost to towers
(57:40 / All) tacoworld: i think you are the one
(57:43 / All) tacoworld: who needs to go back to noob school
(57:45 / All) SIUE_Tom: how the fuck do u bet them
(57:56 / All) tacoworld: see http://highper.ch
(57:58 / All) tacoworld: for more towering replays
(58:07 / All) tacoworld: hint: dont send unsupported chims
(58:19 / All) SIUE_Tom: k
(58:26 / All) SIUE_Tom: want to play again?
(58:31 / All) tacoworld: nah I got to get to sleep
(58:32 / All) tacoworld: friend me
(58:33 / All) tacoworld: and iw ill play you again
(58:38 / All) SIUE_Tom: k
(58:44 / All) tacoworld: i tower for a living
(58:49 / All) SIUE_Tom: gg
(58:49 / All) tacoworld: so don't worry about the pain
(58:51 / All) tacoworld: gg
(59:27 / All) tacoworld: seriously pretty impressive base rebuilding
(59:44 / All) SIUE_Tom: ty
(59:51 / All) tacoworld: i was totally going to start playing against you with only heroes
(59:53 / All) tacoworld: but
(59:59 / All) tacoworld: then i saw your entire new base